 Dungeon Crawl Stone Soup version 0.31-a0-1-g4198be8af4 (webtiles) character file.

Game seed: 14125219829171980803

41 qeuew the Sneak (level 3, 0/29 HPs)
             Began as a Demonspawn Delver on May 1, 2023.
             Killed by divine providence
             ... invoked by an orc priest
              (15 damage)
             ... on level 5 of the Dungeon.
             The game lasted 00:00:41 (234 turns).

qeuew the Sneak (Demonspawn Delver)                  Turns: 234, Time: 00:00:41

Health: 0/29       AC: 13    Str: 14    XL:     3   Next: 32%
Magic:  3/3        EV:  7    Int: 11    God:
Gold:   31         SH:  0    Dex: 14    Spells: 2/2 levels left

rFire   . . .        a - +0 mace
rCold   . . .        (no shield)
rNeg    . . .        j - +4 chain mail
rPois   .            (helmet restricted)
rElec   .            (no cloak)
rCorr   .            (no gloves)
SInv    .            (no boots)
Will    .....        (no amulet) Stlth
                     (no ring)
HPRegen 0.24/turn    (no ring)
MPRegen 0.08/turn

%: no passive effects
@: confused
A: antennae 1, rugged brown scales 1
a: no special abilities


You were on level 5 of the Dungeon.
You visited 1 branch of the dungeon, and saw 1 of its levels.

You collected 31 gold pieces.

Inventory:

Hand Weapons
 a - a +0 mace (weapon)
Armour
 j - a +4 chain mail (worn)
Wands
 b - a wand of flame (4)
 g - a wand of digging (3)
Scrolls
 c - a scroll of fog
 d - a scroll of magic mapping
 e - a scroll of fear
 i - a scroll of immolation {unknown}
Potions
 f - a potion of haste
 h - a potion of magic {unknown}
 k - a potion of brilliance {unknown}


   Skills:
 + Level 3.3 Fighting
 + Level 2.2 Maces & Flails
 + Level 1.0 Armour
 + Level 2.1 Dodging
 - Level 4.5 Stealth
 + Level 1.1 Evocations


You had 2 spell levels left.
You didn't know any spells.
Your spell library was empty.

Dungeon Overview and Level Annotations

Branches:
Dungeon (5/15)
 Temple: D:4-7

Altars:


Innate Abilities, Weirdness & Mutations

You have a pair of small antennae on your head.
You are partially covered in rugged brown scales. (AC +1, +3% HP)


Message History

The orc hits you but does no damage.
The orc priest hits you but does no damage.
You hear some strange, mumbled words.
A puff of flame appears from out of thin air!
The puff of flame hits you but does no damage.
You hit the adder. You punch the adder, but do no damage.
The adder is almost dead.
The adder bites you but does no damage. The orc hits you but does no damage.
The orc priest hits you with a +0 whip.
You hear some strange, mumbled words.
You are confused.
The adder bites you but does no damage.
You are too confused!
You hit the adder.
You kill the adder!
The orc priest barely misses you.
You hear some strange, mumbled words.
You are more confused.
The orc closely misses you.
Your Armour skill increases to level 1!
The orc attacks as you move away! The orc closely misses you.
The orc priest attacks as you move away!
The orc priest hits you but does no damage.
Something hits you but does no damage.
Unknown command.
You bump into the rock wall.
The orc hits you but does no damage.
The orc priest looks braver for a moment.
Unknown command.
You bump into the rock wall.
Something hits you but does no damage. The orc hits you but does no damage.
Unknown command.
You bump into the rock wall.
Something hits you but does no damage.
The orc priest hits you but does no damage.
The orc hits you with a +0 flail.
Unknown command.
You barely miss the orc priest. Something hits you but does no damage.
The orc priest mumbles some strange prayers to Beogh against you.
Beogh smites you!
Ouch! That really hurt!
You die...

# #..#
...###..#
........#
######..#
#.:#
######..#
........#
######oo#
#@{# #..#
#..# #..#
#..# #..#
...# ###
#... ...
...


You could see an orc priest and an orc.

Vanquished Creatures
  A hound (D:5)
  An adder (D:5)
2 creatures vanquished.

Notes
Turn   | Place    | Note
-------+----------+-------------------------------------------
     0 | D:5      | qeuew the Demonspawn Delver began the quest for the Orb.
     0 | D:5      | Reached XP level 1. HP: 18/18 MP: 1/1
    83 | D:5      | Noticed a hound
    99 | D:5      | Killed a hound
   100 | D:5      | Reached skill level 1 in Evocations
   100 | D:5      | Gained mutation: You have a pair of small antennae on your
                  | head. [demonic ancestry]
   100 | D:5      | Reached XP level 2. HP: 15/24 MP: 2/2
   100 | D:5      | Gained mutation: You are partially covered in rugged brown
                  | scales. (AC +1, +3% HP) [demonic ancestry]
   100 | D:5      | Reached XP level 3. HP: 15/29 MP: 3/3
   230 | D:5      | Reached skill level 1 in Armour
   234 | D:5      | Killed from afar by an orc priest

Illustrated notes

Levels and vault maps discovered:
D:5:      layout_basic, kennysheep_orc_sif_temple, minmay_manual_moon,
          uniq_blork_the_orc

Skill      XL: |  1  2  3 |
---------------+----------+-----
Maces & Flails | 2 |  2.2
Dodging        | 2 |  2.1
Evocations     | 1 |  1.1
Armour         | 1 |  1.0
Fighting       | |  3.3
Stealth        | |  4.5

Action                     || total
---------------------------++-------
  Melee: Mace              ||    24
         Punch             ||     1
 Armour: Chain mail        ||    43
  Dodge: Dodged            ||    18

Table legend: (Time is in decaauts)
 A = Elapsed time spent in this place.
 B = Non-inter-level travel time spent in this place.
 C = Inter-level travel time spent in this place.
 D = Time resting spent in this place.
 E = Time spent auto-exploring this place.
 F = Levels seen in this place.
 G = Mean time per level.
                   A        B        C        D        E       F      G
               +--------+--------+--------+--------+--------+-----+--------+
         Total |    240 |    235 |      5 |      0 |    173 |   1 |  240.0 |
       Dungeon |    240 |    235 |      5 |      0 |    173 |   1 |  240.0 |
               +--------+--------+--------+--------+--------+-----+--------+

Top non-repeatable levels by time:
     D:5: 240 daAuts
